AoeStats
← Palomekiu

Arena

509773426Analyzed
1v1 RM · 5d ago on Sep 28, 2026· 36m 4s· 2 players
Game mode
Random Map
Map size
Tiny (2 player)
Population
200
Speed
Normal
Resources
Standard
Victory
Conquest
Starting age
Dark Age
Ending age
Imperial Age
RankedLock teamsTeams togetherTeam positionsShared explorationLock speedFull tech treeHidden civsTurbo modeCheats
Victory
Defeat
🇪🇸 Turks · Spain
1052
+16
🇦🇷 Aztecs · Argentina
1049
-27
Palomekiu
9:22 Loom
11:12 Feudal Age
13:18 Wheelbarrow
16:05 Castle Age
14:23 Double-Bit Axe
19:04 Bow Saw
21:00 Horse Collar
25:21 Horse Collar
30:48 Imperial Age
28:40 Scale Mail Armor
29:20 Forging
28:53 Eagle Warrior
30:21 Elite Skirmisher
31:39 Iron Casting
31:24 Chain Mail Armor
31:58 Padded Archer Armor
31:48 Fletching
33:44 Bodkin Arrow
34:06 Leather Archer Armor
Osozne
10:33 Feudal Age
12:26 Loom
15:40 Castle Age
14:04 Horse Collar
14:29 Double-Bit Axe
16:06 Town Watch
17:54 Heavy Plow
19:39 Bow Saw
23:01 Wheelbarrow
28:58 Imperial Age
26:36 Fletching
29:04 Bloodlines
28:55 Husbandry
28:54 Bodkin Arrow
29:05 Scale Barding Armor
29:02 Padded Archer Armor
29:13 Forging
31:07 Conscription
30:53 Bracer
31:14 Chain Barding Armor
32:32 Two-Man Saw
31:59 Leather Archer Armor
32:18 Heavy Camel Rider
32:22 Cavalier
35:28 Elite Janissary
Connection lost

Rejoining the realm…

Still unreachable

The connection could not be restored.

Session expired

The server has moved on; the page needs a fresh start.